Cogmind - Beta 10.2 @@@ ROGUE MODE // 2021.10.27 @ 22:50:11 Player: Burgers_Lettuce Result: Self-destructed Performance ------------- Evolutions (0) 0 Regions Visited (4) 800 Robots Destroyed (7) 35 Value Destroyed (202) 202 Prototype IDs (2) 40 Alien Tech Used (0) 0 Bonus (277) 277 TOTAL SCORE: 1354 Bonus ------- Aligned with FarCom 300 Friendly Fire -23 Cogmind --------- Core Integrity 148/250 Matter 257/300 Energy 99/100 System Corruption 2% Temperature Cool (0) Movement Rolling (80) Location -9/Mines Parts ------- > --- POWER (1) -------- (None) > --- PROPULSION (2) --- Aluminum Leg Wheel > --- UTILITY (2) ------ Small Storage Unit > --- WEAPON (2) ------- Light Cannon > --- INVENTORY (6) ---- Light Treads Medium Laser Small Laser Latent Energy Streamer Assault Rifle Mining Laser Peak State ------------ > --- POWER ------------ Ion Engine > --- PROPULSION ------- Aluminum Leg Wheel > --- UTILITY ---------- Lightpack 2.0 > --- WEAPON ----------- Latent Energy Streamer Light Cannon > --- INVENTORY -------- Light Treads Medium Laser Assault Rifle Mining Laser [Rating: 34] Favorites ----------- Power Ion Engine Engine Ion Engine Propulsion Wheel Treads Light Treads Leg Aluminum Leg Wheel Wheel Utility Small Storage Unit Storage Small Storage Unit Weapon Medium Laser Energy Gun Medium Laser Energy Cannon Latent Energy Streamer Ballistic Cannon Light Cannon Build | -11 -10 -10 -10 -9 ------- Run | Scr Mat Min Exi Min Slots Evolved . | . . . . . Power . | . . . . . Propulsion . | . . . . . Utility . | . . . . . Weapon . | . . . . . Parts Attached 15 | 6 3 2 4 . Power 2 | 1 1 . . . Engine 2 | 1 1 . . . Core . | . . . . . Reactor . | . . . . . Propulsion 4 | 2 1 1 . . Treads 1 | 1 . . . . Leg 1 | . . 1 . . Wheel 2 | 1 1 . . . Hover . | . . . . . Flight . | . . . . . Utility 3 | 1 . . 2 . Device . | . . . . . Storage 3 | 1 . . 2 . Processor . | . . . . . Hackware . | . . . . . Protection . | . . . . . Artifact . | . . . . . Weapon 6 | 2 1 1 2 . Energy Gun 4 | 2 1 . 1 . Energy Cannon 1 | . . . 1 . Ballistic Gun . | . . . . . Ballistic Cannon 1 | . . 1 . . Launcher . | . . . . . Special Weapon . | . . . . . Impact Weapon . | . . . . . Slashing Weapon . | . . . . . Piercing Weapon . | . . . . . Special Melee Weapon . | . . . . . Unidentified Prototypes 2 | . . . 2 . Parts Lost 6 | . 2 2 . 2 Power 2 | . 1 . . 1 Propulsion 2 | . 1 1 . . Utility . | . . . . . Weapon 2 | . . 1 . 1 Highest Loss Streak 2 | . 2 2 . 2 Average Slot Usage (%) 82 | . 85 82 85 74 Engine 13 | . 14 14 14 8 Treads 6 | . 14 7 . . Leg 7 | . . 4 14 14 Wheel 14 | . 14 14 14 14 Storage 14 | . 14 14 14 14 Energy Gun 19 | . 28 23 12 9 Ballistic Cannon 7 | . . 4 14 14 Naked Turns . | . . . . . Heaviest Build 22 | 10 13 14 22 14 Greatest Support 10 | 10 10 10 10 10 Greatest Overweight (x) 2 | . 1 1 2 1 Average Overweight (x) . | . . 1 1 . Largest Inventory Capacity 24 | 6 6 6 24 6 Average Capacity 5 | 5 6 6 6 6 Most Carried 6 | 4 6 5 6 6 Average Carried 5 | 1 5 4 5 6 Final Capacity 6 | 6 6 6 6 6 Final Carried 6 | 4 5 5 6 6 Class Distribution -------------------- 100% | Mutant Dominant Class ---------------- Mutant | -10/Materials Mutant | -10/Mines Mutant | -10/Exiles Mutant | -9/Mines Resources | -11 -10 -10 -10 -9 ----------- Run | Scr Mat Min Exi Min Matter Collected 340 | 215 55 33 . 37 Remotely . | . . . . . Salvage Created 262 | . 123 102 . 37 Parts 14 | . 9 5 . . Haulers Intercepted . | . . . . . Recyclers Shooed . | . . . . . Parts Field Recycled . | . . . . . Retrieved Matter . | . . . . . Parts Self-Destructed . | . . . . . Prevented . | . . . . . Kills | -11 -10 -10 -10 -9 ------- Run | Scr Mat Min Exi Min Combat Hostiles Destroyed 10 | . 5 2 . 3 Guns 6 | . 2 2 . 2 Cannons 1 | . . . . 1 AOE 3 | . 3 . . . Classes Destroyed 3 | . 2 . . 1 Swarmer 3 | . 3 . . . Grunt 4 | . 2 2 . . Assembled 3 | . . . . 3 Best Kill Streak 3 | . 3 1 . 2 Combat Bots Only 3 | . 3 1 . 2 Max Kills in Single Turn 3 | . 3 1 . 1 Gunslinging . | . . . . . Exploded 3 | . 3 . . . Melee . | . . . . . Uniques/NPCs Destroyed . | . . . . . Combat | -11 -10 -10 -10 -9 -------- Run | Scr Mat Min Exi Min Damage Taken 673 | . 311 112 . 250 Core 102 | . 41 . . 61 Absorbed by Shields . | . . . . . Core Remaining (%) 100 | 100 . . . . Volleys Fired 29 | . 11 8 . 10 Largest 2 | . 2 2 . 2 Hottest 90 | . 90 90 . 85 Shots Fired 57 | . 22 16 . 19 Gun 45 | . 22 14 . 9 Cannon 12 | . . 2 . 10 Launcher . | . . . . . Special . | . . . . . Kinetic 12 | . . 2 . 10 Thermal 28 | . 11 8 . 9 Explosive . | . . . . . Electromagnetic 17 | . 11 6 . . Robot Hit Streak 11 | . 11 5 . 4 Robot Miss Streak 5 | . 2 2 . 5 Penetration Max . | . . . . . Secondary Targets 1 | . . 1 . . Max Gunslinging Chain 1 | . . 1 . . Shots Hit Robots 33 | . 17 10 . 6 Core Hits 19 | . 8 6 . 5 Critical Hits . | . . . . . Critical Kills . | . . . . . Critical Parts Destroyed . | . . . . . Melee Attacks . | . . . . . Impact . | . . . . . Slashing . | . . . . . Piercing . | . . . . . Sneak Attacks . | . . . . . Combat Hostiles . | . . . . . Follow-up Attacks . | . . . . . Damage Inflicted 619 | . 391 129 . 99 Guns 345 | . 195 86 . 64 Cannons 78 | . . 43 . 35 Explosions 196 | . 196 . . . Melee . | . . . . . Ramming . | . . . . . Kinetic 78 | . . 43 . 35 Thermal 402 | . 276 62 . 64 Explosive . | . . . . . Electromagnetic 139 | . 115 24 . . Impact . | . . . . . Slashing . | . . . . . Piercing . | . . . . . Highest Corruption 2 | . 1 1 1 2 Average Corruption 1 | . 1 1 1 1 Corruption Purged . | . . . . . Effects 1 | . . . . 1 Message Errors 1 | . . . . 1 Overload Shots . | . . . . . Overflow Damage 72 | . 72 . . . Projectiles . | . . . . . Explosions 72 | . 72 . . . Melee . | . . . . . Knockbacks 2 | . . 1 . 1 Impact . | . . . . . Kinetic 2 | . . 1 . 1 Secondary . | . . . . . Self-Inflicted Damage 135 | . 135 . . . Shots 2 | . 2 . . . Rammed . | . . . . . Targets Rammed . | . . . . . Kicked . | . . . . . Crushed . | . . . . . Highest Temperature 182 | . 182 176 . 123 Average Temperature 79 | . 77 95 . 66 Received Heat Transfer 153 | . 90 63 . . Siege Activations . | . . . . . Robots Corrupted . | . . . . . Combat Hostiles . | . . . . . Parts Fried . | . . . . . Impact Corruptions . | . . . . . Robots Melted . | . . . . . Combat Hostiles . | . . . . . Parts Melted . | . . . . . Heat Transferred 695 | . 325 185 . 185 Parts Sabotaged . | . . . . . Parts Stolen . | . . . . . Parts Stripped . | . . . . . Power Chain Reactions 1 | . 1 . . . Missiles Intercepted . | . . . . . Alert | -11 -10 -10 -10 -9 ------- Run | Scr Mat Min Exi Min Peak Influence 115 | . 115 80 . 15 Initial 44 | . . 44 . . Average 34 | . 39 57 . 1 Maximum Alert Level . | . . . . . Low Security (%) 100 | 100 100 100 . 100 Level 1 . | . . . . . Level 2 . | . . . . . Level 3 . | . . . . . Level 4 . | . . . . . Level 5 . | . . . . . High Security . | . . . . . Max Security . | . . . . . Squads Dispatched . | . . . . . Investigation . | . . . . . Extermination . | . . . . . Reinforcement . | . . . . . Assault . | . . . . . Garrison . | . . . . . Intercept . | . . . . . Construction Impeded . | . . . . . Haulers Reinforced . | . . . . . Stealth | -11 -10 -10 -10 -9 --------- Run | Scr Mat Min Exi Min Distress Signals . | . . . . . Communications Jammed . | . . . . . Distress Signals . | . . . . . Times Spotted 10 | . 5 2 . 3 Peak Tracking Total 3 | . 3 2 . 2 Tactical Retreats . | . . . . . Traps | -11 -10 -10 -10 -9 ------- Run | Scr Mat Min Exi Min Traps Triggered 1 | . 1 . . . Indirectly . | . . . . . Trap Hack Attempts . | . . . . . Triggered . | . . . . . Disarmed . | . . . . . Reprogrammed . | . . . . . Reused . | . . . . . Traps Extracted . | . . . . . Installed . | . . . . . Triggered . | . . . . . Machines | -11 -10 -10 -10 -9 ---------- Run | Scr Mat Min Exi Min Machines Disabled 1 | . 1 . . . Max in Single Turn 1 | . 1 . . . Machines Sabotaged . | . . . . . Garrisons Compromised . | . . . . . Overloaded Fab Kills . | . . . . . Fab Network Shutdowns . | . . . . . Hacking | -11 -10 -10 -10 -9 --------- Run | Scr Mat Min Exi Min Machines Accessed 1 | . 1 . . . Terminals 1 | . 1 . . . Fabricators . | . . . . . Repair Stations . | . . . . . Recycling Units . | . . . . . Scanalyzers . | . . . . . Garrison Access . | . . . . . Total Hacks 2 | . 2 . . . Successful . | . . . . . Failed 2 | . 2 . . . Catastrophic . | . . . . . Database Lockouts . | . . . . . Manual 3 | . 2 . 1 . Terminals 2 | . 2 . . . Fabricators . | . . . . . Repair Stations . | . . . . . Recycling Units . | . . . . . Scanalyzers . | . . . . . Garrison Access . | . . . . . Terminal Hacks . | . . . . . Fabricator Hacks . | . . . . . Repair Station Hacks . | . . . . . Recycling Unit Hacks . | . . . . . Scanalyzer . | . . . . . Garrison Access Hacks . | . . . . . Unauthorized Hacks . | . . . . . Terminals . | . . . . . Fabricators . | . . . . . Repair Stations . | . . . . . Recycling Units . | . . . . . Scanalyzers . | . . . . . Garrison Access . | . . . . . Data Cores Recovered . | . . . . . Used . | . . . . . Hacking Detections 1 | . 1 . . . Full Trace Events . | . . . . . Feedback Events . | . . . . . Feedback Blocked . | . . . . . Robot Schematics Acquired . | . . . . . Robots Built . | . . . . . Matter . | . . . . . Time . | . . . . . Total Robot Build Rating . | . . . . . Part Schematics Acquired . | . . . . . Parts Built . | . . . . . Matter . | . . . . . Time . | . . . . . Total Part Build Rating . | . . . . . Parts Repaired . | . . . . . Time . | . . . . . Parts Recycled . | . . . . . Recycled Matter . | . . . . . Retrieved Matter . | . . . . . Retrieved Components . | . . . . . Parts Scanalyzed . | . . . . . Part Schematics Acquired . | . . . . . Parts Damaged . | . . . . . Bothacking | -11 -10 -10 -10 -9 ------------ Run | Scr Mat Min Exi Min Used RIF Installer . | . . . . . Robots Hacked . | . . . . . Non-combat . | . . . . . Combat . | . . . . . Robot Hacks Applied . | . . . . . Relay Couplers Released . | . . . . . Robots Rewired . | . . . . . Allies Hacked . | . . . . . Hacks Repelled . | . . . . . Allies | -11 -10 -10 -10 -9 -------- Run | Scr Mat Min Exi Min Total Allies 2 | . . 2 . . Largest Group 2 | . . 2 2 . Highest-Rated Group 45 | . . 45 45 . Highest-Rated Ally 31 | . . 31 31 . Total Orders . | . . . . . Ally Attacks 1 | . . 1 . . Total Damage 20 | . . 20 . . Kills . | . . . . . Allies Corrupted . | . . . . . Allies Melted . | . . . . . Intel | -11 -10 -10 -10 -9 ------- Run | Scr Mat Min Exi Min Robot Analysis Total . | . . . . . Derelict Logs Recovered 1 | . . . . 1 Drone Launches . | . . . . . Drone Recoveries . | . . . . . Exploration | -11 -10 -10 -10 -9 ------------- Run | Scr Mat Min Exi Min Turns Passed 868 | 54 249 198 241 126 Spaces Moved 679 | 52 132 142 239 114 Core 3 | 3 . . . . Treads . | . . . . . Legs . | . . . . . Wheels 676 | 49 132 142 239 114 Hover . | . . . . . Flight . | . . . . . Fastest Speed 50 | 50 80 90 90 80 Average Speed 87 | 78 83 90 90 84 Slowest Speed 100 | 80 90 90 100 90 Overloaded Moves . | . . . . . Propulsion Burnouts . | . . . . . Robots Hopped . | . . . . . Cave-ins Triggered . | . . . . . Exploration Rate (%) 27 | 3 27 32 42 35 Regions Visited 4 Branch Regions 3 Pre-discovered Areas . | . . . . . Known Exits Taken . | . . . . . Unknown Exits Taken 4 | 1 1 1 1 . Scrap Searched . | . . . . . Spaces Dug . | . . . . . Terrain Destroyed 23 | . 23 . . . Melee . | . . . . . Projectile . | . . . . . AOE 23 | . 23 . . . Terrain Rammed . | . . . . . Walls Destroyed . | . . . . . Machines Disabled . | . . . . . Actions | -11 -10 -10 -10 -9 --------- Run | Scr Mat Min Exi Min Total 894 | 62 250 195 263 124 Wait 160 | 1 100 43 16 . Move 675 | 51 131 141 238 114 Hop . | . . . . . Pick Up 10 | 4 3 1 2 . Fast Attach 11 | 6 1 1 3 . Attach 3 | . 2 1 . . Detach 2 | . 1 . 1 . Swap 1 | . . . 1 . Drop 3 | . 1 . 2 . Fire 29 | . 11 8 . 10 Melee . | . . . . . Ram . | . . . . . Kick . | . . . . . Crush . | . . . . . Escape Stasis . | . . . . . Rewire . | . . . . . Trap . | . . . . . Miscellaneous . | . . . . . Route ------- -11/Scrapyard -10/Materials -10/Mines (discovered 3 exits: [*Mat x2] / *Exi) -10/Exiles -9/Mines History --------- Turn | Location | Event 11 | -11/Scrapyard | Discovered new exit (range 14) 55 | -11/Scrapyard | Entered Materials 287 | -10/Materials | Discovered new exit (range 9) 304 | -10/Materials | Entered Mines 315 | -10/Mines | Discovered new exit (range 3) 316 | -10/Mines | Build established: Mutant 461 | -10/Mines | Discovered new exit (range 5) 480 | -10/Mines | Deemed a non-threat by the Exiles lab entrance 480 | -10/Mines | Discovered new exit (range 5) 502 | -10/Mines | Entered Exiles 502 | -10/Exiles | Accompanied by 2 allies 531 | -10/Exiles | Met 8R-AWN 532 | -10/Exiles | Led the pair of lost Derelicts to a safe place 561 | -10/Exiles | Met EX-HEX 591 | -10/Exiles | Met EX-BIN 600 | -10/Exiles | Aligned with FarCom system 601 | -10/Exiles | Given EX-Vault access code 627 | -10/Exiles | Opened EX-Vault 632 | -10/Exiles | Found Prototype Energy Cannon 632 | -10/Exiles | Identified Latent Energy Streamer 641 | -10/Exiles | Found Prototype Storage 641 | -10/Exiles | Identified Lightpack 2.0 672 | -10/Exiles | Warned to stay clear of 0b10 Research branches 733 | -10/Exiles | Discovered new exit (range 14) 743 | -10/Exiles | Left Exiles lab with Latent Energy Streamer 743 | -10/Exiles | Entered Mines 744 | -9/Mines | Assembled infested the area 753 | -9/Mines | Learned Materials interactive machine intel 869 | -9/Mines | Self-destructed Last Messages --------------- GOAL=ESCAPE 00743_ Receiving FarCom transmissions... 00744_ ALERT: Infestation in the mines, dispatching Demolisher response squad. 00753_ Acquired derelict log, extracted data. Data stored: Materials interactive machine intel. 00780_ as-58557 knocked back. 00780_ Knocked back. 00782_ as-58557 destroyed. 00786_ Acquired 12 matter. 00805_ Knocked back. 00812_ Ion Engine destroyed. 00812_ System corrupted by crushing effect (+1). 00818_ as-60562 destroyed. 00821_ Med. Laser destroyed. 00821_ as-86872 destroyed. 00823_ NCPH&7B&%RRAUISTZC#P&9S2W,<>XK 00823_ Acquired 10 matter. 00825_ Acquired 15 matter. 00866_ U-05 Engineer lays Concrete. Map ----- +----------------------------------------------------+ | ??????????????????????????????????????????? | | ??????????????????????????????????????????? | | ??????????????????????????????????????????? | | ??????????????????????????????????????????? | | ??????????????????????????????????????????? | | ??????????????????????????????????????????? | | ??????????????????????????????????????????? | | ??????????????????????????????????????????? | | ????????????d?????????????????????????????? | | ??????????????????????????????????????????? | | ??????????????????????????????????????????? | | ??????????????????????????????????????????? | | ??????????????????????????????????????????? | | ??????????# ??????????????????????????????? | | ????????# # ?????????##?###???????????????? | | ????????# # ??????## ?# #?? ???????????? | | ????????# %#????? ? ?? ???????????? | | ????????# #??### ? #? ????????????? | | ???????## ### ## ? #???????????? | | ???????# u% % # ????????????? | | ????????# u ??????????????? | | ?????????# ????????????????? | | ??????????# # ##????????????????? | | ??????????# ?????????????????? | | ??????????# #???????????????????? | | ???????????# @ #???????????????????? | | ???????????######t #??????###??????????? | | ???????????????## ##????## ##?????????? | | ???????????????# ##???# ##????????? | | ???????????????# ###?## ######???? | | ???????????????# ##?# ##??? | | ???????????????# #?## ###? | | ???????????????# ## ######## ## | | ???????????????## #### #???## | | ????????????????# ???# ## #???## | | ????????????????# ???## ### ##### ## | | ???????????????? ????####?# #### | | ??????????????? ?????????# #??## | | ?????????????? #?????????####### #???# | | ????????????? #????????????????# #???# | | ???????????? ????????????????? #???# | | ?????????????? ? ????????????????# #???? | | ?????????????????????????????????## ##???? | | ??????????????????????????????????####????? | | ??????????????????????????????????????????? | | ??????????????????????????????????????????? | | ??????????????????????????????????????????? | | ??????????????????????????????????????????? | | ??????????????????????????????????????????? | | ??????????????????????????????????????????? | +----------------------------------------------------+ Best States ------------- Heat Dissipation 25 Energy Generation 10 Energy Capacity 250 Matter Stores 300 Matter Capacity 300 Sight Range 16 Terrain Scan Density 10 Evasion (%) 44 Recoil Reduction 1 Item Schematics ----------------- None Robot Schematics ------------------ None Fabricated ------------ Nothing Alien Tech Used ----------------- None Achievements -------------- None Challenges ------------ None Game ------ Seed FlakHugeBarrier Manual? 0 Play Time 00:09:59 Cumulative 50.4 hours Start 2021.10.27 @ 19:20:00 End 2021.10.27 @ 22:50:11 Sessions 3 Manual Loads 0 Difficulty Rogue Special Mode None Game No. 60 Rogue 60 Adventurer 0 Explorer 0 Win Type - Total 0 Types 0/0/0/0/0/0/0/0/0 Lore% 40 Gallery% 44 Achievement% 31 Wizard Run 0 Options --------- ASCII 0 Keyboard 1 Movement Numpad Keybinds 0 Fullscreen 2 Font 36/X11 Map View 76x50 Tactical HUD 1 Map Filters NONE Filters NONE Steam 1 RUN: 3bc3f759-da70-4318-b61a-92f141d5e045